 Dungeon Crawl Stone Soup version 0.21.1-1-g345015f (webtiles) character file.

7039 Falco the Spear-Bearer (level 10, -12/84 HPs)
             Began as a Minotaur Hunter on May 5, 2018.
             Was an Elder of Makhleb.
             Mangled by an orc warrior
             ... wielding a +0 war axe
              (27 damage)
             ... on level 1 of the Orcish Mines.
             The game lasted 01:43:50 (9318 turns).

Falco the Spear-Bearer (Minotaur Hunter)            Turns: 9318, Time: 01:43:50

Health: -12/84     AC:  7    Str: 21    XL:     10   Next: 83%
Magic:  10/10      EV: 10    Int: 14    God:    Makhleb [****..]
Gold:   56         SH: 13    Dex: 16    Spells: 9/9 levels left

rFire    . . .     SeeInvis .   a - +10 trident of Ushybeb {pierce, Dex+2}
rCold    . . .     Gourm    .   B - +0 large shield
rNeg     . . .     Faith    .   N - +0 robe "Walitu Yklu" {*Drain MR+ Regen+ Dex+4}
rPois    +         Spirit   .   (helmet restricted)
rElec    +         Reflect  .   v - +1 cloak {rPois}
rCorr    +         Harm     .   e - +0 pair of gloves
MR       +....                  q - +0 pair of boots
Stlth    +++.......             (no amulet)
HPRegen  0.64/turn              i - ring of stealth
MPRegen  0.12/turn              J - ring of Democracy {rCorr rElec Int+6}

@: no status effects
A: retaliatory headbutt, horns 2
a: Minor Destruction, Lesser Servant of Makhleb, Major Destruction, Renounce
Religion


You were on level 1 of the Orcish Mines.
You worshipped Makhleb.
Makhleb was greatly pleased with you.
You were not hungry.

You visited 2 branches of the dungeon, and saw 11 of its levels.

You collected 777 gold pieces.
You spent 721 gold pieces at shops.

Inventory:

Hand Weapons
 a - the +10 trident of Ushybeb (weapon) {pierce, Dex+2}
   (You found it on level 5 of the Dungeon)

   It inflicts extra damage upon your enemies.
   It affects your dexterity (+2).
 b - the +8 hand crossbow of Poyti {freeze, rC+ Int+3}
   (You found it on level 9 of the Dungeon)

   It causes projectiles fired from it to freeze those they strike, causing
   extra injury to most foes and up to half again as much damage against
   particularly susceptible opponents.
   They can also slow down cold-blooded creatures.
   It affects your intelligence (+3).
   It protects you from cold.
 z - the cursed +2 rapier of the Endless Expanse {drain, +Blink rElec rC+}
   (You found it on level 7 of the Dungeon)

   A truly terrible weapon, it drains the life of those it strikes.
   It protects you from cold.
   It insulates you from electricity.
   It lets you blink.
   It has a curse placed upon it.
Missiles
 d - 53 bolts
 g - 218 stones
 w - 42 poisoned needles
 C - 6 javelins (quivered)
 D - 9 tomahawks
 S - 155 sling bullets
 X - 6 silver tomahawks
Armour
 e - a +0 pair of gloves (worn)
 q - a +0 pair of boots (worn)
 v - a +1 cloak of poison resistance (worn)
 B - a +0 large shield (worn)
 N - the +0 robe "Walitu Yklu" (worn) {*Drain MR+ Regen+ Dex+4}
   (You took it off a wight on level 6 of the Dungeon)

   It affects your dexterity (+4).
   It affects your resistance to hostile enchantments.
   It increases your rate of regeneration.
   It causes draining when unequipped.
 T - a +2 leather armour of cold resistance
Jewellery
 i - a ring of stealth (left hand)
 r - an uncursed ring of protection from fire
 I - an uncursed ring of flight
 J - the ring of Democracy (right hand) {rCorr rElec Int+6}
   (You bought it in a shop on level 4 of the Dungeon)

   [ring of resist corrosion]

   It affects your intelligence (+6).
   It insulates you from electricity.
Wands
 c - a wand of acid (7)
 k - a wand of random effects (14)
 L - a wand of enslavement (17)
 V - a wand of polymorph (24)
 W - a wand of clouds (4)
Scrolls
 h - a scroll of magic mapping
 j - 4 scrolls of teleportation
 m - 3 scrolls of remove curse
 o - a scroll of amnesia {unknown}
 x - 2 scrolls of enchant weapon {unknown}
 y - 3 scrolls of enchant armour {unknown}
 F - 4 scrolls of fear {unknown}
 H - 3 scrolls of fog {unknown}
 M - 3 scrolls of immolation {unknown}
 O - a scroll of identify
 P - a scroll of brand weapon {unknown}
Potions
 l - a potion of mutation {unknown}
 n - 5 potions of curing
 p - 2 potions of berserk rage {unknown}
 s - 2 potions of invisibility {unknown}
 A - 2 potions of cancellation {unknown}
 E - a potion of agility {unknown}
 G - a potion of ambrosia {unknown}
 K - 2 potions of haste {unknown}
 Q - a potion of magic {unknown}
 U - a potion of might {unknown}
 Y - a potion of flight
Books
 R - a book of Frost

   Spells                             Type                      Level
   a - Freeze                         Ice                          1
   b - Throw Frost                    Conjuration/Ice              2
   c - Ozocubu's Armour               Charms/Ice                   3
   d - Throw Icicle                   Conjuration/Ice              4
   e - Summon Ice Beast               Ice/Summoning                4
Miscellaneous
 t - a lightning rod (4/4)
 u - a box of beasts
Comestibles
 f - 9 rations


   Skills:
 - Level 6.3 Fighting
 - Level 4.6 Short Blades
 - Level 12.1 Polearms
 + Level 10.1 Crossbows
 * Level 4.6 Armour
 + Level 4.3 Dodging
 - Level 2.9 Stealth
 * Level 2.3 Shields
 - Level 2.4 Invocations
 - Level 1.3 Evocations


You had 9 spell levels left.
You didn't know any spells.

Dungeon Overview and Level Annotations

Branches:
Dungeon (10/15)            Temple (0/1) D:7            Lair (0/6) D:9
    Orc (1/2) D:10

Altars:
Cheibriados
Dithmenos
Fedhas
Makhleb
Okawaru
Qazlal
Trog
Yredelemnul

Shops:
D:4 =   D:9 *   D:10 *[

Annotations:
Orc:1 Whiskey's ghost, journeyman BaFi


Innate Abilities, Weirdness & Mutations

You reflexively headbutt those who attack you in melee.
You have a pair of horns on your head.


Message History

Your ufetubus barely misses Whiskey's ghost.
Your ynoxinul gestures at Whiskey's ghost.
The iron shot hits Whiskey's ghost.
Your ufetubus hits the orc warrior but does no damage.
Your ufetubus closely misses the orc warrior.
A demon appears!
Your ufetubus disappears in a puff of smoke!
Your ufetubus completely misses Whiskey's ghost.
Your ufetubus barely misses Whiskey's ghost. x2
Your ufetubus hits Whiskey's ghost but does no damage.
Whiskey's ghost hits your ynoxinul! Whiskey's ghost burns your ynoxinul.
Your neqoxec gestures.
The orc warrior hits your ufetubus with a dire flail!!
Your ufetubus dies!
The orc warrior hits you with a long sword.
* * * LOW HITPOINT WARNING * * *
The orc wizard gestures wildly while chanting.
The orc wizard blinks!
The orc warrior hits you with a war axe!!
You die...

...$. (.o..##
..... #...#..#
#.....#.o......
.......#......
......#.....#
......$....######
..........###@45##
......><..o#oo335#
.o(.......ooo54W##
........o.oo)§53#
....#.##.§o.##.##
...........#####
.........###
.........#
.........


You could see 4 orc warriors, an orc priest, an orc wizard, Whiskey's ghost, 3
orcs, 2 friendly hellwings, a friendly neqoxec, 2 friendly ynoxinuls and 4
friendly ufetubi.

Vanquished Creatures
  A two-headed ogre (D:9)
  An ugly thing (D:10)
  Joseph (D:7)
  A centaur skeleton (D:8)
  A kobold demonologist (D:3)
  A troll (D:10)
  2 hippogriffs
  2 steam dragons (D:6)
  A hungry ghost (D:10)
  Edmund (D:4)
  3 sky beasts
  A hornet zombie (D:6)
  An ice beast (D:5)
  5 orc warriors
  A black bear (D:7)
  An ogre (D:4)
  3 phantoms
  3 centaurs
  A bullfrog (D:10)
  A wyvern skeleton (D:8)
  5 scorpions
  5 killer bees
  5 wights (D:6)
  A crimson imp (D:6)
  2 centaur zombies
  3 hounds
  Crazy Yiuf (D:2)
  A jelly (D:5)
  7 orc priests
  2 bullfrog skeletons
  An iguana (D:9)
  12 orc wizards
  3 worker ants
  A hound zombie (D:5)
  2 gnolls
  13 adders
  6 shadow imps
  2 oozes
  2 adder skeletons
  6 worms
  7 leopard geckos
  53 orcs
  5 ball pythons
  10 bats
  5 giant cockroaches
  24 goblins
  9 hobgoblins
  4 jackals (D:1)
  10 kobolds
  3 quokkas
  5 frilled lizards
  A jackal zombie (D:6)
  3 quokka skeletons
  6 rats
  3 plants (D:9)
260 creatures vanquished.

Vanquished Creatures (collateral kills)
  A warg (Orc:1)
  An orc warrior (Orc:1)
  A sky beast (D:6)
  An ogre (D:6)
  A gnoll sergeant (D:9)
  2 killer bees (D:7)
  A crimson imp (D:7)
  2 orc priests
  3 orc wizards
  2 gnolls (D:9)
  6 orcs
  A quokka (D:7)
22 creatures vanquished.

Grand Total: 282 creatures vanquished

Notes
Turn   | Place    | Note
-------+----------+-------------------------------------------
     0 | D:1      | Falco the Minotaur Hunter began the quest for the Orb.
     0 | D:1      | Reached XP level 1. HP: 18/18 MP: 0/0
    38 | D:1      | Reached XP level 2. HP: 25/25 MP: 1/1
    58 | D:1      | Reached skill level 5 in Crossbows
   346 | D:1      | Reached XP level 3. HP: 30/30 MP: 2/2
   610 | D:2      | Reached XP level 4. HP: 36/37 MP: 3/3
   658 | D:2      | Reached skill level 1 in Short Blades
  1035 | D:2      | Found a runed door.
  1039 | D:2      | Noticed Crazy Yiuf
  1049 | D:2      | Killed Crazy Yiuf
  1049 | D:2      | Reached skill level 1 in Armour
  1049 | D:2      | Reached XP level 5. HP: 12/45 MP: 4/4
  1307 | D:2      | Found a burning altar of Makhleb.
  1307 | D:2      | Found a stormy altar of Qazlal.
  1314 | D:2      | Became a worshipper of Makhleb the Destroyer
  1934 | D:3      | Reached * piety under Makhleb
  2082 | D:3      | Found a transporter.
  2087 | D:3      | Noticed a kobold demonologist
  2096 | D:3      | Noticed a phantom
  2131 | D:3      | Killed a phantom
  2131 | D:3      | Reached XP level 6. HP: 40/51 MP: 5/5
  2182 | D:3      | Found a transporter.
  2599 | D:4      | Noticed Edmund
  2623 | D:4      | Killed Edmund
  2623 | D:4      | Reached skill level 1 in Stealth
  2756 | D:4      | Reached XP level 7. HP: 58/58 MP: 6/6
  2868 | D:4      | Found Seegrad's Jewellery Shoppe.
  2942 | D:4      | Reached ** piety under Makhleb
  3665 | D:5      | Entered Level 5 of the Dungeon
  3737 | D:5      | Reached XP level 8. HP: 67/67 MP: 7/7
  3792 | D:5      | Got a shimmering trident
  3808 | D:5      | Identified the +10 trident of Ushybeb {pierce, Dex+2} (You found it on level 5 of the Dungeon)
  3845 | D:5      | Reached skill level 1 in Polearms
  3871 | D:5      | Found a bloodstained altar of Trog.
  3872 | D:5      | Found a snail-covered altar of Cheibriados.
  3874 | D:5      | Found a blossoming altar of Fedhas.
  3881 | D:5      | Reached skill level 2 in Polearms
  3882 | D:5      | Found a basalt altar of Yredelemnul.
  3972 | D:5      | Found a shadowy altar of Dithmenos.
  3997 | D:5      | Reached skill level 3 in Polearms
  4303 | D:5      | Reached skill level 4 in Polearms
  4563 | D:6      | Reached skill level 5 in Polearms
  4708 | D:6      | Reached skill level 6 in Polearms
  4854 | D:6      | Reached skill level 7 in Polearms
  4872 | D:6      | Got a slimy robe
  4945 | D:6      | Identified the +0 robe "Walitu Yklu" {*Drain MR+ Regen+ Dex+4} (You took it off a wight on level 6 of the Dungeon)
  5026 | D:6      | Reached *** piety under Makhleb
  5026 | D:6      | Reached skill level 8 in Polearms
  5048 | D:6      | Reached XP level 9. HP: 50/72 MP: 8/8
  5286 | D:7      | Reached skill level 9 in Polearms
  5307 | D:7      | Noticed Joseph
  5329 | D:7      | Killed Joseph
  5329 | D:7      | Reached skill level 10 in Polearms
  5342 | D:7      | Got a brightly glowing rapier
  5502 | D:7      | Found a staircase to the Ecumenical Temple.
  5722 | D:8      | Identified the cursed +2 rapier of the Endless Expanse {drain, +Blink rElec rC+} (You found it on level 7 of the Dungeon)
  5738 | D:8      | Reached skill level 5 in Fighting
  5738 | D:8      | Reached skill level 11 in Polearms
  5880 | D:8      | Found an iron altar of Okawaru.
  6770 | D:3      | Noticed a sun demon
  6774 | D:3      | Killed a kobold demonologist
  6774 | D:3      | Reached XP level 10. HP: 61/83 MP: 9/9
  7413 | D:9      | Reached skill level 12 in Polearms
  7473 | D:9      | Reached skill level 1 in Invocations
  7527 | D:9      | Noticed a two-headed ogre
  7534 | D:9      | Killed a two-headed ogre
  7555 | D:9      | Found a staircase to the Lair.
  7839 | D:9      | Reached **** piety under Makhleb
  7974 | D:4      | Bought the ring of Democracy {rCorr rElec Int+6} for 605 gold pieces
  8209 | D:9      | Found Juojoy's General Store.
  8217 | D:9      | Bought a scroll of identify for 26 gold pieces
  8372 | D:9      | Got a transparent hand crossbow
  8391 | D:9      | Identified the +8 hand crossbow of Poyti {freeze, rC+ Int+3} (You found it on level 9 of the Dungeon)
  8493 | D:10     | Entered Level 10 of the Dungeon
  8530 | D:10     | Reached skill level 1 in Evocations
  8639 | D:10     | Found Dead Kuh's General Store.
  8710 | D:10     | Found Uxkoudwo's Armour Emporium.
  8733 | D:10     | Found a staircase to the Orcish Mines.
  8746 | D:10     | Bought a +0 pair of boots for 45 gold pieces
  8746 | D:10     | Bought a +0 large shield for 45 gold pieces
  8975 | D:10     | Reached skill level 1 in Shields
  9150 | D:10     | Noticed a purple ugly thing
  9154 | D:10     | Killed a purple ugly thing
  9245 | Orc:1    | Entered Level 1 of the Orcish Mines
  9269 | Orc:1    | Reached skill level 10 in Crossbows
  9272 | Orc:1    | Noticed Whiskey's ghost (journeyman BaFi)
  9290 | Orc:1    | Noticed an orange demon
  9318 | Orc:1    | Mangled by an orc warrior

Skill      XL: |  1  2  3  4  5  6  7  8  9 10 |
---------------+-------------------------------+-----
Crossbows      | 5 6 7 8 10 | 10.1
Short Blades   | 1 2 3 4 |  4.6
Fighting       | 3 4 5 6 |  6.3
Armour         | 1 2 3 4 |  4.6
Stealth        | 1 2 |  2.9
Dodging        | 3 4 |  4.3
Polearms       | 8 11 12 | 12.1
Invocations    | 2 |  2.4
Evocations     | 1 |  1.3
Shields        | 2 |  2.3

Action                   |  1- 3 |  4- 6 |  7- 9 | 10-12 || total
-------------------------+-------+-------+-------+-------++-------
Melee: Short sword       |    16 |       |       |       ||    16
       Headbutt          |     4 |    16 |    14 |    13 ||    47
       Spear             |    12 |    23 |       |       ||    35
       Dagger            |       |    63 |    47 |       ||   110
       Trident           |       |       |   135 |    72 ||   207
 Fire: Hand crossbow     |    59 |   115 |    93 |    97 ||   364
Throw: Stone             |       |       |       |    12 ||    12
Invok: Minor Destruction |       |       |     1 |       ||     1
       Lesser Servant of |       |       |     3 |     8 ||    11
 Abil: Evoke Flight      |       |       |       |     1 ||     1
  Use: Scroll            |     1 |     1 |     3 |     5 ||    10
       Potion            |       |       |     2 |     5 ||     7
 Stab: Sleeping          |       |       |    11 |     1 ||    12
  Eat: Ration            |       |     2 |     4 |     2 ||     8
Armor: Leather armour    |    14 |    22 |    14 |       ||    50
       Robe              |       |       |    17 |    11 ||    28
Dodge: Dodged            |    29 |    57 |    93 |    33 ||   212
Block: Large shield      |       |       |       |    12 ||    12
